 Dungeon Crawl Stone Soup version 0.32-a0-643-ga006e7742e (webtiles) character file.

Game seed: 11356917124184043152

65461 cforsyth the Lord of Darkness (level 14, -12/127 HPs)
             Began as a Mountain Dwarf Necromancer on Mar 7, 2024.
             Was the Champion of Kikubaaqudgha.
             Mangled by Donald
             ... wielding a +0 demon trident
              (34 damage)
             ... on level 2 of the Orcish Mines.
             The game lasted 00:58:17 (28850 turns).

cforsyth the Lord of Darkness (MDNe)               Turns: 28850, Time: 00:58:18

Health: -12/127    AC: 30    Str: 15    XL:     14   Next: 75%
Magic:  14/27      EV:  7    Int: 23    God:    Kikubaaqudgha [******]
Gold:   2169       SH:  0    Dex:  9    Spells: 17/31 levels left

rFire   + + .        f - +8 hand axe of Meptau Ufim {freeze, rF++ rC- rN+ rCorr}
rCold   + . .        V - orb {light}
rNeg    + . .        h - +2 crystal plate armour {rC+}
rPois   +            B - +2 hat
rElec   .            K - +0 cloak
rCorr   +            d - +1 pair of gloves
SInv    .            X - +0 pair of boots
Will    +....        (no amulet) Stlth
                     s - ring "Xab Kuo" {rPois rCorr EV+5 Str+3}
HPRegen 0.41/turn    C - ring of protection from cold
MPRegen 0.20/turn

%: no passive effects
@: glowing
A: runic magic, artefact enchanting, clever 1
a: Renounce Religion, Unearth Wretches, Torment, Brand Weapon With Pain, Receive
Forbidden Knowledge


You were on level 2 of the Orcish Mines.
You worshipped Kikubaaqudgha.
Kikubaaqudgha was exalted by your worship.
You visited 4 branches of the dungeon, and saw 20 of its levels.
You also visited: Ice Cave and Volcano.

You collected 2412 gold pieces.
You spent 243 gold pieces at shops.


Innate Abilities, Weirdness & Mutations

Your spellcasting is much less encumbered by armour.
You can use scrolls of enchantment on lesser artefacts.
Your mind is acute. (Int +4, Str/Dex -1)


   Skills:
 - Level 12.8 Fighting
 - Level 12.5 Axes
 - Level 10.4 Armour
 - Level 1.3 Dodging
 - Level 1.4 Stealth
 + Level 9.4 Spellcasting
 - Level 15.6 Necromancy
 - Level 9.0 Earth Magic


You had 17 spell levels left.
You knew the following spells:

 Your Spells              Type           Power      Damage    Failure   Level
a - Animate Dead          Necr           70%        N/A       1%          4
b - Borgnjor's Vile Clut  Necr/Erth      30%        N/A       4%          5
n - Dispel Undead         Necr           70%        3d24      1%          4
X - Necrotise             Necr           100%       1d9       1%          1

Your spell library contained the following spells:

 Spells                   Type           Power      Damage    Failure   Level
 Kiss of Death            Conj/Necr      100%       2d13      1%          1
 Sublimation of Blood     Necr           70%        N/A       1%          2
 Fugue of the Fallen      Necr           70%        N/A       1%          3
 Vampiric Draining        Necr           70%        2d11      1%          3
 Curse of Agony           Necr           70%        N/A       1%          5
 Cigotuvi's Dreadful Rot  Necr/Alch/Air  68%        N/A       4%          2
 Anguish                  Hex/Necr       23%        N/A       10%         4
 Lee's Rapid Deconstruct  Erth           25%        3d14*     17%         5
 Call Imp                 Summ           20%        N/A       36%         2
 Ensorcelled Hibernation  Hex/Ice        20%        N/A       36%         2
 Brom's Barrelling Bould  Conj/Erth      31%        2d5       36%         4
 Leda's Liquefaction      Alch/Erth      15%        N/A       36%         4
 Dazzling Flash           Conj/Hex       20%        N/A       58%         3
 Volatile Blastmotes      Fire/Tloc      20%        2d11      58%         3
 Bombard                  Conj/Erth      15%        9d3       99%         6
 Fireball                 Conj/Fire      5%         3d5       100%        5
 Iskenderun's Battlesphe  Conj           10%        2d6       100%        5
 Conjure Ball Lightning   Conj/Air       5%         3x3d6     100%        6
 Starburst                Conj/Fire      5%         6d4       100%        6
 Orb of Destruction       Conj           5%         9d5       100%        7
 Summon Hydra             Summ           5%         N/A       100%        7
 Maxwell's Capacitive Co  Air            5%         ∞         100%        8

Inventory:

Hand Weapons
 f - the +8 hand axe of Meptau Ufim (weapon) {freeze, rF++ rC- rN+ rCorr}
   (You found it on level 2 of the Dungeon)

   rF++:      It greatly protects you from fire.
   rC-:       It makes you vulnerable to cold.
   rN+:       It protects you from negative energy.
   rCorr:     It protects you from acid and corrosion.
 A - a +2 broad axe of freezing
 R - a +1 vampiric broad axe
Armour
 d - a +1 pair of gloves (worn)
 h - a +2 crystal plate armour of cold resistance (worn)
 B - a +2 hat (worn)
 H - the +4 skin of Zhor {*Englaciate rC+++ SInv}
   (You found it in an ice cave)

   *Englaciate: It radiates cold, occasionally slowing all nearby creatures who
   are not resistant to cold.
   rC+++:     It renders you almost immune to cold.
   SInv:      It lets you see invisible.
 K - a +0 cloak (worn)
 V - an orb of light (worn)
 X - a +0 pair of boots (worn)
Jewellery
 o - the ring "Foipic" {rPois rF++ rN+ Str+6 Int-4}
   (You acquired it on level 6 of the Dungeon)

   [ring of strength]

   Str+6:     It affects your strength (+6).
   Int-4:     It affects your intelligence (-4).
   rF++:      It greatly protects you from fire.
   rPois:     It protects you from poison.
   rN+:       It protects you from negative energy.
 s - the ring "Xab Kuo" (left hand) {rPois rCorr EV+5 Str+3}
   (You found it on level 1 of the Lair of Beasts)

   [ring of evasion]

   EV+5:      It affects your evasion (+5).
   Str+3:     It affects your strength (+3).
   rPois:     It protects you from poison.
   rCorr:     It protects you from acid and corrosion.
 C - a ring of protection from cold (right hand)
 F - a ring of protection from fire
 L - a ring of flight
 Y - a +4 ring of slaying
 Z - a ring of wizardry
Wands
 n - a wand of digging (6)
 p - a wand of mindburst (3)
 t - a wand of charming (10)
 w - a wand of iceblast (24)
 y - a wand of quicksilver (14)
 J - a wand of flame (33)
Scrolls
 a - a scroll of vulnerability
 c - 4 scrolls of summoning {unknown}
 e - 2 scrolls of enchant armour
 i - 2 scrolls of torment
 j - 5 scrolls of fear {unknown}
 k - 9 scrolls of teleportation {@r2}
 m - 3 scrolls of noise {unknown}
 q - 3 scrolls of poison
 r - 3 scrolls of enchant weapon
 u - 2 scrolls of amnesia
 v - a scroll of revelation
 z - 2 scrolls of blinking {unknown}
 D - 3 scrolls of fog
 I - 4 scrolls of immolation
 W - a scroll of silence {!r}
Potions
 b - 2 potions of magic
 g - 3 potions of might
 l - 2 potions of haste {@q3}
 x - 4 potions of enlightenment
 E - 8 potions of ambrosia
 M - 2 potions of brilliance
 N - 4 potions of mutation
 O - 3 potions of cancellation
 P - 7 potions of heal wounds {@q2}
 Q - 3 potions of curing {@q1}
 S - 3 potions of lignification
 T - a potion of berserk rage {!q}
 U - 2 potions of invisibility
Miscellaneous
 G - a phial of floods

Dungeon Overview and Level Annotations

Branches:
Dungeon (12/15)            Temple (1/1) D:5            Lair (5/5) D:11
  Swamp (0/4) Lair:3        Snake (0/4) Lair:2        Slime (0/5) Lair:4
    Orc (2/2) D:10          IceCv (visited)         Volcano (visited)
    Elf: Orc:2

Altars:
Ashenzari
Cheibriados
Dithmenos
Elyvilon
Fedhas
Gozag
Hepliaklqana
Kikubaaqudgha
Makhleb
Nemelex Xobeh
Okawaru
Qazlal
Ru
Sif Muna
Trog
Uskayaw
Vehumet
Wu Jian
Xom
Yredelemnul
Zin
The Shining One
Beogh
Jiyva

Shops:
D:4 *   D:6 ?!((*   D:8 **   Orc:1 !(   Orc:2 =

Annotations:
Orc:2 Donald

................
...................#...
....................#.##
.......................#
....................#.##
.....).................#
)).................#..#
)...............Z.....#
................@@....#
................Z#....#
......)................#
......................##
.....................##
..............#.......#
..##..#.#...#####.##.##
############# ## ##


You could see Donald (fast, strong, clutched, ally target), a friendly orc
zombie and a friendly orc priest zombie.


Message History

Donald blocks your orc priest zombie's attack.
Unknown command.
Unknown command.
Unknown command.
You hit Donald. You freeze Donald.
Donald is heavily wounded.
The zombie hands constrict Donald.
Donald hits you with a +0 demon trident!
* * * LOW HITPOINT WARNING * * *
Donald blocks your orc zombie's attack.
Unknown command.
Unknown command.
Unknown command.
You strike the helpless Donald from behind!
You slash Donald!
Donald is severely wounded.
The zombie hands constrict Donald.
Donald says, "I'll never be able to carry all this gold!
I hate that."
Donald hits you with a +0 demon trident!
* * * LOW HITPOINT WARNING * * *
Your orc priest zombie hits Donald but does no damage.
Unknown command.
Unknown command.
Donald blocks your attack.
Donald is severely wounded.
The zombie hands constrict Donald.
Donald hits you with a +0 demon trident!!
You die...
Donald says, "Well, maybe you weren't so bad after all."
Kikubaaqudgha rasps: You have failed me!
Welcome... death!

Skill      XL: |  1  2  3  4  5  6  7  8  9 10 11 12 13 14 |
---------------+-------------------------------------------+-----
Fighting       | 1 2 4 5 7 8 10 11 12 | 12.8
Necromancy     | 5 6 7 8 9 11 12 13 15 | 15.6
Axes           | 1 3 4 5 7 9 10 12 | 12.5
Armour         | 4 6 8 10 | 10.4
Earth Magic    | 3 7 9 |  9.0
Spellcasting   | 2 5 9 |  9.4
Dodging        | |  1.3
Stealth        | |  1.4

Action                     |  1- 3 |  4- 6 |  7- 9 | 10-12 | 13-15 || total
---------------------------+-------+-------+-------+-------+-------++-------
  Melee: Unarmed           |    40 |       |       |       |       ||    40
         Punch             |     2 |       |       |       |       ||     2
         Dagger            |     1 |       |       |       |       ||     1
         Hand axe          |    17 |    28 |   163 |   451 |   701 ||  1360
         Broad axe         |       |       |       |       |    92 ||    92
   Cast: Necrotise         |    58 |    78 |   121 |    98 |     3 ||   358
         Animate Dead      |       |       |     1 |     7 |    13 ||    21
         Borgnjor's Vile C |       |       |       |       |    67 ||    67
 Invoke: Unearth Wretches  |       |       |       |       |     1 ||     1
  Evoke: Wand              |       |       |     2 |     5 |       ||     7
    Use: Potion            |       |     2 |       |     2 |     1 ||     5
         Scroll            |       |       |     7 |     7 |     9 ||    23
   Stab: Sleeping          |     1 |       |       |       |       ||     1
         Distracted        |       |       |       |     4 |     7 ||    11
         Paralysed         |       |       |       |       |     1 ||     1
 Armour: Robe              |    57 |    26 |    53 |       |       ||   136
         Chain mail        |       |       |    87 |   476 |   320 ||   883
         Crystal plate arm |       |       |       |       |   309 ||   309
  Dodge: Dodged            |    55 |    18 |    88 |   223 |   355 ||   739

Levels and vault maps discovered:
D:1:      onia_arrival_pyramid, layout_loops_corners
D:2:      layout_basic, serial_shops, nicolae_lakefront_shop, solitary_fountain,
          uniq_robin
D:3:      layout_basic, hellmonk_ecumenical_altar_run_dry, serial_corexii_hall,
          chequers_hall_statues_y, chequers_hall_statues_wall_a,
          kennysheep_doodads, uniq_jessica, uniq_ijyb, uniq_grinder
D:4:      layout_loops_ring, vehumet_crystals, serial_shops,
          nicolae_shop_peninsula, uniq_pikel
D:5:      layout_loops_ring, temple_green, uniq_menkaure
D:6:      layout_rooms, serial_shops, shop, nicolae_shop_statue_plus,
          nicolae_lakefront_shop, shop, shop
D:7:      black_bear_nest_2, layout_cave_pools, serial_glass, glass_columns_a,
          glass_columns_a, glass_columns_a, glass_columns_a,
          minmay_fractal_squares_diagonal_5
D:8:      layout_rooms, gammafunk_temple_overflow_statue, serial_shops,
          nicolae_shop_waterfront, nrook_mini_vaults, minmay_shop_mayhem,
          uniq_joseph
D:9:      layout_cave_pods, serial_column_ruins, column_ruins_open_tiny_water,
          column_ruins_open_small, column_ruins_grid_1, column_ruins_open_tiny,
          column_ruins_open_small, column_ruins_grid_3
D:10:     hellmonk_crumbling_castle, layout_long_grid, hiddenorc1_lemuel,
          minmay_statues_item, uniq_nergalle
D:11:     layout_small_grid, erik_lair_orcish_takeover, minmay_misc_feat_columns
D:12:     layout_gridville, nrook_guardian_serpent_double
Temple:   hellmonk_temple_of_storms
Lair:1:   layout_cave_pods, special_room [special_room_bee], st_stairs_3,
          guppyfry_lair_drakes
Lair:2:   layout_hall_layers, nicolae_snake_entry_squirm, pond
Lair:3:   layout_misc_corridors, mainiacjoe_swamp_entry_lozenge_pond,
          infiniplex_staircase_pool
Lair:4:   layout_regular_city, minmay_slime_entry_jelly_boxes, minivault_23,
          minivault_11, minivault_23, chequers_serial_rivers_large_a,
          minmay_holes, serial_bayou_shore_b
Lair:5:   minmay_lair_end_enchanted_forest, layout_small_grid,
          nicolae_volcano_entry_lava_flow
Orc:1:    layout_diamond_mine, portal_ice_cave_entry_pillars_1, serial_shops,
          nicolae_shop_stone, nicolae_shop_industrial_runoff,
          nicolae_shop_tiny_waterfront, nicolae_orc_seminary
Orc:2:    st_orc_mages, layout_diamond_mine, serial_shops,
          nicolae_shop_rolling_square, uniq_donald

Notes
Turn   | Place    | Note
-------+----------+-------------------------------------------
     0 | D:1      | cforsyth the Mountain Dwarf Necromancer began the quest for
                  | the Orb.
     0 | D:1      | Reached XP level 1. HP: 14/14 MP: 3/3
   363 | D:1      | Reached skill level 1 in Fighting
   413 | D:1      | Reached XP level 2. HP: 12/23 MP: 0/4
  1077 | D:1      | Reached skill level 2 in Fighting
  1344 | D:2      | Reached XP level 3. HP: 29/29 MP: 0/5
  1410 | D:2      | Reached skill level 5 in Necromancy
  1595 | D:2      | Identified the +8 hand axe of Meptau Ufim {freeze, rF++ rC-
                  | rN+ rCorr}
  1669 | D:2      | Noticed Robin
  1794 | D:2      | Killed Robin
  1795 | D:2      | Reached skill level 1 in Axes
  1818 | D:2      | Reached XP level 4. HP: 37/37 MP: 2/6
  2173 | D:2      | Reached skill level 3 in Fighting
  2173 | D:2      | Reached skill level 2 in Axes
  2218 | D:2      | You fall into a shaft and drop 1 floor!
  2297 | D:3      | Noticed Grinder
  2298 | D:3      | Paralysed by Grinder for 5 turns
  2326 | D:3      | Paralysed by Grinder for 2 turns
  2402 | D:3      | Paralysed by Grinder for 5 turns
  2408 | D:3      | Gained mutation: Your mind is acute. (Int +4, Str/Dex -1)
                  | [potion of mutation]
  2541 | D:3      | Killed Grinder
  2542 | D:3      | Reached skill level 4 in Fighting
  2542 | D:3      | Reached skill level 3 in Axes
  2542 | D:3      | Reached skill level 6 in Necromancy
  2542 | D:3      | Reached XP level 5. HP: 39/46 MP: 7/7
  2542 | D:3      | Reached XP level 6. HP: 44/52 MP: 8/8
  2899 | D:3      | Found a faded altar of an unknown god.
  3023 | D:3      | Noticed Jessica
  3027 | D:3      | Killed Jessica
  3172 | D:3      | Identified the +8 dagger "Qok Lome" {freeze, rElec Str-4
                  | Dex+6}
  3281 | D:3      | Noticed Ijyb
  3287 | D:3      | Killed Ijyb
  3683 | D:4      | Reached skill level 4 in Axes
  4105 | D:4      | Reached XP level 7. HP: 58/60 MP: 5/9
  4159 | D:4      | Found a radiant altar of Vehumet.
  4230 | D:4      | Noticed Pikel
  4309 | D:4      | Killed Pikel
  4310 | D:4      | Reached skill level 5 in Fighting
  4310 | D:4      | Reached skill level 5 in Axes
  4310 | D:4      | Reached skill level 7 in Necromancy
  4310 | D:4      | Reached XP level 8. HP: 70/70 MP: 8/10
  4418 | D:4      | Identified the staff "Hiut" {+Blink rPois rF+++ Str-5 Necro
                  | Alchemy}
  4490 | D:4      | Reached skill level 6 in Fighting
  4507 | D:4      | Found Nivem's General Store.
  4817 | D:4      | Bought a potion of haste for 110 gold pieces
  4866 | D:5      | Entered Level 5 of the Dungeon
  4921 | D:5      | Reached skill level 6 in Axes
  5482 | D:5      | Noticed Menkaure
  5510 | D:5      | Reached skill level 8 in Necromancy
  5818 | D:5      | Learned a level 4 spell: Animate Dead
  5829 | D:5      | Found a staircase to the Ecumenical Temple.
  5942 | Temple   | Entered the Ecumenical Temple
  6017 | D:5      | Reached skill level 7 in Fighting
  6017 | D:5      | Reached skill level 7 in Axes
  6311 | D:5      | Killed Menkaure
  6592 | D:5      | Found a staircase to the Ecumenical Temple.
  7102 | D:6      | Found Ogiohio's Antique Weapon Shoppe.
  7102 | D:6      | Found Cuigevve's Weapon Shoppe.
  7155 | D:6      | Found Buch's Distillery.
  7173 | D:6      | Found Furukajut's Magic Scroll Emporium.
  7204 | D:6      | Bought a scroll of teleportation for 42 gold pieces
  7204 | D:6      | Bought a scroll of identify for 28 gold pieces
  7238 | D:6      | Identified a scroll of acquirement
  7239 | D:6      | Acquired the ring "Foipic" {rPois rF++ rN+ Str+6 Int-4}
  7288 | D:6      | Reached XP level 9. HP: 75/79 MP: 8/11
  7606 | D:6      | Reached skill level 1 in Armour
  7664 | D:6      | Reached skill level 9 in Necromancy
  7833 | D:6      | Found Masuo's Assorted Antiques.
  7842 | D:6      | Bought a clear potion for 20 gold pieces
  7842 | D:6      | Bought a scroll labelled EWONKI RAOWN for 23 gold pieces
  7842 | D:6      | Bought a yellow potion for 20 gold pieces
  7902 | D:7      | Reached skill level 8 in Axes
  8012 | D:6      | Reached skill level 8 in Fighting
  8012 | D:6      | Reached skill level 2 in Armour
  8285 | D:6      | Reached skill level 3 in Armour
  8595 | D:7      | Reached skill level 9 in Axes
  8595 | D:7      | Reached skill level 4 in Armour
  8606 | D:7      | Reached XP level 10. HP: 64/90 MP: 8/12
  8772 | D:7      | Reached skill level 9 in Fighting
  8772 | D:7      | Reached skill level 10 in Necromancy
  9060 | D:8      | Noticed Joseph
  9258 | D:8      | Killed Joseph
  9596 | D:8      | Found Xumi's General Store.
  9743 | D:8      | Reached skill level 5 in Armour
  9843 | D:8      | Found Hycie's Mayhem Merchandise.
 10177 | D:8      | Found an ancient bone altar of Kikubaaqudgha.
 10178 | D:8      | Found a bloodstained altar of Trog.
 10233 | D:8      | Became a worshipper of Kikubaaqudgha
 10391 | D:9      | Noticed a cyclops
 10406 | D:9      | Killed a cyclops
 10800 | D:9      | Noticed a centaur warrior
 10821 | D:9      | Killed a centaur warrior
 10822 | D:9      | Reached skill level 10 in Axes
 11053 | D:9      | Reached skill level 6 in Armour
 11067 | D:9      | Reached skill level 10 in Fighting
 11217 | D:9      | Reached skill level 11 in Necromancy
 11328 | D:9      | Reached XP level 11. HP: 56/100 MP: 13/13
 11702 | D:10     | Entered Level 10 of the Dungeon
 11860 | D:10     | Noticed Nergalle
 11901 | D:10     | Reached * piety under Kikubaaqudgha
 11901 | D:10     | Received a gift from Kikubaaqudgha
 11923 | D:10     | Killed Nergalle
 11980 | D:10     | Noticed a two-headed ogre
 11991 | D:10     | Killed a two-headed ogre
 11992 | D:10     | Reached skill level 7 in Armour
 12224 | D:10     | Reached skill level 11 in Axes
 12384 | D:10     | Noticed a two-headed ogre
 12393 | D:10     | Killed a two-headed ogre
 12521 | D:10     | Found a staircase to the Orcish Mines.
 13228 | D:11     | Noticed a two-headed ogre
 13236 | D:11     | Noticed a two-headed ogre
 13696 | D:11     | Found a staircase to the Lair.
 13762 | D:11     | Killed a two-headed ogre
 13898 | D:11     | Killed a two-headed ogre
 13899 | D:11     | Reached skill level 11 in Fighting
 14522 | D:12     | Noticed a two-headed ogre
 14534 | D:12     | Killed a two-headed ogre
 14535 | D:12     | Reached skill level 8 in Armour
 14895 | D:12     | Reached skill level 12 in Necromancy
 14974 | D:12     | Reached ** piety under Kikubaaqudgha
 14999 | D:12     | Reached skill level 12 in Axes
 15429 | D:12     | Noticed a boulder beetle
 15446 | D:12     | Killed a boulder beetle
 15447 | D:12     | Reached XP level 12. HP: 70/110 MP: 14/14
 15904 | Lair:1   | Entered Level 1 of the Lair of Beasts
 16048 | Lair:1   | Identified the ring "Xab Kuo" {rPois rCorr EV+5 Str+3}
 16055 | Lair:1   | Reached skill level 9 in Armour
 16204 | Lair:1   | Reached skill level 12 in Fighting
 16331 | Lair:1   | Reached *** piety under Kikubaaqudgha
 16331 | Lair:1   | Received a gift from Kikubaaqudgha
 16797 | Lair:1   | Reached skill level 13 in Necromancy
 16807 | Lair:1   | Learned a level 4 spell: Dispel Undead
 17458 | Lair:2   | Reached skill level 10 in Armour
 17458 | Lair:2   | Reached skill level 1 in Earth Magic
 17505 | Lair:2   | Reached skill level 2 in Earth Magic
 17877 | Lair:2   | Reached skill level 3 in Earth Magic
 18246 | Lair:2   | Found a staircase to the Snake Pit.
 18556 | Lair:2   | Learned a level 5 spell: Borgnjor's Vile Clutch
 18602 | Lair:3   | Noticed a death yak
 18618 | Lair:3   | Killed a death yak
 18619 | Lair:3   | Reached skill level 2 in Spellcasting
 18640 | Lair:3   | Reached XP level 13. HP: 80/119 MP: 12/16
 18674 | Lair:3   | Reached skill level 4 in Earth Magic
 19223 | Lair:3   | Reached **** piety under Kikubaaqudgha
 19305 | Lair:3   | Reached skill level 3 in Spellcasting
 19584 | Lair:3   | Reached skill level 5 in Earth Magic
 19716 | Lair:3   | Found a staircase to the Swamp.
 19734 | Lair:3   | Reached skill level 14 in Necromancy
 20080 | Lair:4   | Found a viscous altar of Jiyva.
 20081 | Lair:4   | Found a staircase to the Slime Pits.
 20172 | Lair:4   | Reached skill level 4 in Spellcasting
 20471 | Lair:4   | Reached skill level 6 in Earth Magic
 21291 | Lair:5   | Entered Level 5 of the Lair of Beasts
 21336 | Lair:5   | Reached skill level 5 in Spellcasting
 21362 | Lair:5   | Reached skill level 7 in Earth Magic
 21373 | Lair:5   | Found a dark tunnel.
 21488 | Volcano  | Entered a volcano
 21637 | Volcano  | Found a bloodstained altar of Trog.
 22158 | Lair:5   | Reached skill level 15 in Necromancy
 22590 | Lair:5   | Reached XP level 14. HP: 119/127 MP: 22/22
 22592 | Lair:5   | Reached ***** piety under Kikubaaqudgha
 22593 | Lair:5   | Reached skill level 8 in Earth Magic
 22609 | Lair:5   | Reached skill level 6 in Spellcasting
 23733 | Lair:5   | Reached skill level 9 in Earth Magic
 24122 | Orc:1    | Entered Level 1 of the Orcish Mines
 24122 | Orc:1    | Found Ynnuom Ynen's Antique Weapon Shoppe.
 24174 | Orc:1    | Found a frozen archway.
 24215 | IceCv    | Entered an ice cave
 24411 | IceCv    | Identified a +2 crystal plate armour of cold resistance
 24557 | IceCv    | Identified the +2 orcbow of Zin's Benevolence {freeze,
                  | rElec Dex+4}
 24723 | IceCv    | Reached skill level 7 in Spellcasting
 25514 | IceCv    | Noticed a reaper
 25761 | IceCv    | Killed a reaper
 25987 | IceCv    | Found the +4 skin of Zhor {*Englaciate rC+++ SInv}
 26465 | Orc:1    | Found Etovyeq's Distillery.
 26592 | Orc:1    | Found a roughly hewn altar of Beogh.
 26606 | Orc:1    | Reached skill level 8 in Spellcasting
 26688 | Orc:2    | Entered Level 2 of the Orcish Mines
 26765 | Orc:2    | Found Xiomai's Jewellery Emporium.
 27057 | Orc:2    | Identified a +2 robe of resistance
 27419 | Orc:2    | Reached ****** piety under Kikubaaqudgha
 28047 | Orc:2    | Reached skill level 9 in Spellcasting
 28834 | Orc:2    | Noticed Donald
 28850 | Orc:2    | Mangled by Donald

Vanquished Creatures
  A reaper (IceCv)
  A boulder beetle (D:12)
  A catoblepas (Lair:4)
  5 two-headed ogres
  A centaur warrior (D:9)
  2 death yaks
  3 orc high priests
  Nergalle (D:10)
  2 skysharks
  A goliath frog (Lair:3)
  A fire crab (Lair:4)
  An orc knight (Orc:2)
  Pikel (D:4)
  An ugly thing (Volcano)
  6 orc sorcerers
  An ice statue (IceCv)
  2 cyclopes
  A guardian serpent (D:12)
  Joseph (D:8)
  14 elephants
  2 black mambas (Lair:5)
  A torpor snail (Lair:3)
  2 molten gargoyles (Volcano)
  8 cane toads
  A smoke demon (Volcano)
  A gargoyle (D:10)
  3 rime drakes
  2 unseen horrors (D:12)
  6 komodo dragons
  2 anaconda simulacra (IceCv)
  A red devil (Volcano)
  6 trolls
  A queen bee (Lair:1)
  4 polar bears (Lair:5)
  6 hornets
  Grinder (D:3)
  A blink frog (Lair:2)
  2 dream sheep (Lair:5)
  A dire elephant simulacrum (IceCv)
  24 yaks
  2 shadows
  2 wraiths
  13 spriggans (Lair:5)
  2 vampires
  A wyvern (Lair:2)
  A basilisk (Lair:4)
  A steam dragon (D:7)
  2 fire bats (Volcano)
  5 death yak simulacra (IceCv)
  5 wargs
  2 harpy simulacra (IceCv)
  An acid dragon (D:11)
  Menkaure (D:5)
  2 nagas (Lair:2)
  2 hell hounds (Volcano)
  A hydra simulacrum (IceCv)
  12 orc warriors
  18 water moccasins
  8 black bears
  A swamp drake (Lair:3)
  6 ogres
  3 boggarts (Lair:5)
  4 centaurs
  2 lemures (D:4)
  23 wolves
  A kobold brigand (D:8)
  12 bullfrogs
  2 cane toad simulacra (IceCv)
  2 scorpions
  10 two-headed ogre simulacra (IceCv)
  2 wights (D:7)
  20 killer bees (Lair:1)
  5 howler monkeys
  5 lava snakes (Volcano)
  2 bombardier beetles (D:6)
  18 jellies
  3 hounds
  32 orc priests
  3 sleepcaps
  Jessica (D:3)
  46 orc wizards
  Ijyb (D:3)
  4 iguanas
  A polar bear simulacrum (IceCv)
  4 spriggan simulacra (IceCv)
  5 troll simulacra (IceCv)
  3 wolf simulacra (IceCv)
  Robin (D:2)
  6 gnolls
  8 adders
  6 naga simulacra (IceCv)
  A shadow imp (D:6)
  6 white imps
  6 ufetubi (IceCv)
  3 dart slugs
  75 orcs
  5 endoplasms
  4 giant cockroaches
  14 goblins
  7 hobgoblins
  6 jackals
  A quokka (D:2)
  7 ball pythons
  5 bats
  4 frilled lizards
  13 kobolds
  6 rats
608 creatures vanquished.

Vanquished Creatures (collateral kills)
  A hydra (Lair:5)
  A boulder beetle (Lair:5)
  4 elephants
  6 cane toads
  6 komodo dragons
  2 blink frogs (Lair:2)
  A vampire (D:12)
  11 yaks
  2 basilisks
  A naga (Lair:2)
  5 water moccasins
  An orc warrior (D:9)
  A black bear (D:7)
  5 wolves (Lair:2)
  2 bullfrogs
  4 killer bees (Lair:1)
  2 orc priests
  An orc wizard (Orc:2)
  A gnoll (D:4)
  An adder (D:4)
  3 orcs
  A jackal (D:5)
62 creatures vanquished.

Vanquished Creatures (others)
  An ugly thing zombie (Volcano)
  A fire bat zombie (Volcano)
  3 cane toad zombies
  2 elephant zombies
  An ogre (D:5)
  A rime drake zombie (Lair:1)
  A wyvern zombie (Lair:2)
  A hell hound zombie (Volcano)
  A water moccasin zombie (Lair:1)
  3 yak zombies (Lair:5)
  2 bullfrog zombies (Lair:2)
  An orc wizard (Orc:2)
  10 killer bee zombies (Lair:1)
  4 lava snake zombies (Volcano)
  24 orc zombies
56 creatures vanquished.

Grand Total: 726 creatures vanquished

Table legend: (Time is in decaauts)
 A = Elapsed time spent in this place.
 B = Non-inter-level travel time spent in this place.
 C = Inter-level travel time spent in this place.
 D = Time resting spent in this place.
 E = Time spent auto-exploring this place.
 F = Levels seen in this place.
 G = Mean time per level.
                   A        B        C        D        E       F      G
               +--------+--------+--------+--------+--------+-----+--------+
         Total |  28565 |  27763 |    802 |   3063 |  19124 |  22 | 1298.4 |
       Dungeon |  15905 |  15385 |    520 |   1999 |  10731 |  12 | 1325.4 |
        Temple |      1 |      1 |      0 |      0 |      0 |   1 |    1.0 |
          Lair |   7520 |   7267 |    253 |    411 |   5739 |   5 | 1504.0 |
  Orcish Mines |   2517 |   2488 |     29 |    477 |   1131 |   2 | 1258.5 |
      Ice Cave |   2161 |   2161 |      0 |    133 |   1421 |   1 | 2161.0 |
       Volcano |    457 |    457 |      0 |     42 |    101 |   1 |  457.0 |
               +--------+--------+--------+--------+--------+-----+--------+

Top non-repeatable levels by time:
   IceCv: 2161 daAuts
  Lair:5: 2128 daAuts
   Orc:2: 2105 daAuts
     D:5: 1975 daAuts
    D:10: 1683 daAuts
  Lair:1: 1506 daAuts
     D:1: 1456 daAuts
     D:9: 1417 daAuts
    D:11: 1413 daAuts
     D:4: 1383 daAuts
     D:3: 1352 daAuts
  Lair:4: 1335 daAuts
  Lair:3: 1331 daAuts
     D:7: 1326 daAuts
  Lair:2: 1219 daAuts

Table legend:
 A = Non-vault XP
 B = Vault XP
 C = Vault XP percentage of total XP
 D = Non-vault monster count
 E = Vault monster count
 F = Vault count percentage of total count
                 A         B        C        D         E       F
            +---------+---------+-------+---------+---------+-------
      Total |   57318 |   36199 |  38.7 |     381 |     287 |  43.0
            +---------+---------+-------+---------+---------+-------
        D:1 |      39 |       0 |   0.0 |      25 |       0 |   0.0
        D:2 |      95 |      36 |  27.5 |      19 |      13 |  40.6
        D:3 |      65 |     349 |  84.3 |      17 |       3 |  15.0
        D:4 |     266 |     651 |  71.0 |      23 |       1 |   4.2
        D:5 |     785 |     157 |  16.7 |      25 |       1 |   3.8
        D:6 |    1216 |       0 |   0.0 |      20 |       0 |   0.0
        D:7 |    1931 |     379 |  16.4 |      23 |       6 |  20.7
        D:8 |     702 |     466 |  39.9 |      18 |       1 |   5.3
        D:9 |    4047 |       0 |   0.0 |      23 |       0 |   0.0
       D:10 |    2278 |    1095 |  32.5 |      11 |      18 |  62.1
       D:11 |    2991 |     557 |  15.7 |       8 |       9 |  52.9
       D:12 |    3857 |     966 |  20.0 |      11 |       2 |  15.4
     Lair:1 |    4228 |    3516 |  45.4 |      17 |      32 |  65.3
     Lair:2 |    3182 |    2196 |  40.8 |      14 |      10 |  41.7
     Lair:3 |    7891 |     881 |  10.0 |      26 |       2 |   7.1
     Lair:4 |    8610 |     585 |   6.4 |      27 |      14 |  34.1
     Lair:5 |   11045 |    8007 |  42.0 |      30 |      42 |  58.3
      Orc:1 |     547 |    1095 |  66.7 |       5 |       8 |  61.5
      Orc:2 |    3543 |    6149 |  63.4 |      39 |      56 |  58.9
      IceCv |       0 |    5458 | 100.0 |       0 |      54 | 100.0
    Volcano |       0 |    3656 | 100.0 |       0 |      15 | 100.0
            +---------+---------+-------+---------+---------+-------
